 Dungeon Crawl Stone Soup version 0.28-a0-2-g643f2454ad (webtiles) character file.

Game seed: 1251220122122968

147 raph the Conjurer (level 5, 0/28 HPs)
             Began as a Tengu Conjurer on July 22, 2021.
             Slain by an orc wizard (2 damage)
             ... on level 3 of the Dungeon.
             The game lasted 00:04:43 (2610 turns).

raph the Conjurer (Tengu Conjurer)                  Turns: 2610, Time: 00:04:43

Health: 0/28       AC:  4    Str:  8    XL:     5   Next: 29%
Magic:  0/10       EV: 14    Int: 25    God:
Gold:   108        SH:  0    Dex: 12    Spells: 3/9 levels left

rFire   . . .      SeeInvis .   c - +0 dagger
rCold   . . .      Faith    .   (no shield)
rNeg    . . .      Spirit   .   e - +0 leather armour
rPois   .          Reflect  .   (helmet restricted)
rElec   .          Harm     .   m - +0 cloak
rCorr   .          Rampage  .   (no gloves)
Will    .....                   (boots unavailable)
Stlth   ++........              (no amulet)
HPRegen 0.09/turn               o - +6 ring of intelligence
MPRegen 0.12/turn               (no ring)

@: flying quickly and evasively, quick
A: beak, talons 3, nimble flight
a: no special abilities


You were on level 3 of the Dungeon.
You visited 1 branch of the dungeon, and saw 3 of its levels.

You collected 108 gold pieces.

Inventory:

Hand Weapons
 c - a +0 dagger (weapon)
 n - a +2 quarterstaff of chaos
Missiles
 j - 5 javelins
Armour
 a - a +0 robe
 e - a +0 leather armour (worn)
 m - a +0 cloak (worn)
Magical Staves
 h - a staff of cold
Jewellery
 o - a +6 ring of intelligence (left hand)
Potions
 f - a potion of flight
 g - a potion of degeneration


   Skills:
 + Level 3.2 Dodging
 + Level 3.0 Stealth
 + Level 2.8 Spellcasting
 * Level 6.7 Conjurations


You had 3 spell levels left.
You knew the following spells:

 Your Spells              Type           Power      Damage    Failure   Level
a - Magic Dart            Conj           100%       1d8       1%          1
b - Searing Ray           Conj           74%        3d6       1%          2
c - Dazzling Flash        Conj/Hex       40%        N/A       12%         3

Your spell library contained the following spells:

 Spells                   Type           Power      Damage    Failure   Level
 Frozen Ramparts          Ice            6%         1d2       41%         3
 Fulminant Prism          Conj/Hex       10%        3d9       36%         4
 Iskenderun's Mystic Bla  Conj/Tloc      20%        2d6       36%         4
 Ice Form                 Ice/Tmut       3%         N/A       83%         4
 Summon Ice Beast         Ice/Summ       3%         N/A       83%         4


Dungeon Overview and Level Annotations

Branches:
Dungeon (3/15)

Altars:
Trog


Innate Abilities, Weirdness & Mutations

You have a beak for a mouth.
You have claws for feet.
Your magical nature lets you fly swiftly and evasively.


Message History

Unknown command.
You bump into the rock wall.
Something barely misses you.
You bump into the rock wall.
Something hits you.
You feel better.
You hear some strange, mumbled words.
A magic dart appears from out of thin air!
The magic dart hits you.
Casting: Searing Ray (safe; 1% risk of failure)
Confirm with . or Enter, or press ? or * to list all spells.
Aiming: Searing Ray (safe; 1% risk of failure)
Press: ? - help, Shift-Dir - straight line The searing ray hits something! (Press . to maintain the ray.)
Something hits you but does no damage.
You hear some strange, mumbled words.
A magic dart appears from out of thin air!
The magic dart hits you. Something hits you but does no damage.
You finish channeling your searing ray.
You hear some strange, mumbled words.
A magic dart appears from out of thin air!
The magic dart hits you.
You barely miss something. You claw something.
You hear some strange, mumbled words.
A magic dart appears from out of thin air!
The magic dart hits you!
* * * LOW HITPOINT WARNING * * *
You don't have enough magic to cast this spell.
Okay, then.
You aren't carrying any scrolls.
Casting: Searing Ray (safe; 1% risk of failure)
Confirm with . or Enter, or press ? or * to list all spells.
You don't have enough magic to cast this spell.
You miss something.
You hear some strange, mumbled words.
A puff of flame appears from out of thin air!
The puff of flame misses you.
Unknown command.
You miss something. Your kick misses something. Something hits you.
You die...

#.##.#.##.#########*
#.##.#.##..........,
#.#..#†############* #.#.##.#
#.#.##.# #.#.##.# #.#.##.#
#.#.##.# #.#@##.# #.#{##.#
******#######.#..#.######*
*,,,,,...................#
*,****#######....#######.#******
**,**********##...# *,,,,,,,*
,,,,,,,,,,,,,,#...# *******,*
**,*,,,**,*#......# *,*
*,,,*,,*,#..#....# *,*


There were no monsters in sight!

Vanquished Creatures
  A scorpion (D:3)
  Crazy Yiuf (D:3)
  2 adders
  A dart slug (D:1)
  3 orcs (D:3)
  5 ball pythons
  3 bats (D:1)
  4 endoplasms
  4 goblins
  A hobgoblin (D:1)
  4 jackals (D:3)
  2 kobolds (D:1)
  A quokka (D:2)
  A frilled lizard (D:1)
33 creatures vanquished.

Vanquished Creatures (others)
  A goblin (D:1)
  A kobold (D:1)
  3 fungi (D:2)
  5 plants (D:2)
10 creatures vanquished.

Grand Total: 43 creatures vanquished

Notes
Turn   | Place    | Note
-------+----------+-------------------------------------------
     0 | D:1      | raph the Tengu Conjurer began the quest for the Orb.
     0 | D:1      | Reached XP level 1. HP: 10/10 MP: 4/4
   246 | D:1      | Reached XP level 2. HP: 15/15 MP: 4/6
   380 | D:1      | Learned a level 2 spell: Searing Ray
  1290 | D:2      | Reached XP level 3. HP: 19/19 MP: 4/7
  1294 | D:2      | Learned a level 3 spell: Dazzling Flash
  1810 | D:2      | Found a faded altar of an unknown god.
  2097 | D:3      | Noticed a scorpion
  2101 | D:3      | Killed a scorpion
  2102 | D:3      | Reached skill level 6 in Conjurations
  2102 | D:3      | Reached XP level 4. HP: 24/24 MP: 3/8
  2247 | D:3      | Found a runed translucent door.
  2248 | D:3      | Noticed Crazy Yiuf
  2254 | D:3      | Killed Crazy Yiuf
  2255 | D:3      | Gained mutation: Your magical nature lets you fly swiftly
                  | and evasively. [Tengu growth]
  2255 | D:3      | Reached XP level 5. HP: 28/28 MP: 4/10
  2569 | D:3      | Found a bloodstained altar of Trog.
  2610 | D:3      | Slain by an orc wizard

Illustrated notes

Levels and vault maps discovered:
D:1:      amcnicky_arrival_choice, layout_basic, lemuel_flame_loot_1
D:2:      layout_loops_cross, shapermc_ecumenical_altar_mp_urbaneastern,
          palyth_stone_intersect
D:3:      layout_loops_ring, mainiacjoe_overflow_small_starburst,
          uniq_crazy_yiuf_cottage

Skill      XL: |  1  2  3  4 |
---------------+-------------+-----
Dodging        | 3 |  3.2
Conjurations   | 6 |  6.7
Stealth        | 3 |  3.0
Spellcasting   | |  2.8

Action                   |  1- 3 |  4- 6 || total
-------------------------+-------+-------++-------
Melee: Dagger            |     1 |     4 ||     5
       Kick              |       |     2 ||     2
 Cast: Magic Dart        |    35 |    11 ||    46
       Searing Ray       |     1 |     8 ||     9
  Use: Scroll            |       |     6 ||     6
       Potion            |       |     1 ||     1
Armor: Leather armour    |       |     3 ||     3
Dodge: Dodged            |     1 |     3 ||     4

Table legend: (Time is in decaauts)
 A = Elapsed time spent in this place.
 B = Non-inter-level travel time spent in this place.
 C = Inter-level travel time spent in this place.
 D = Time resting spent in this place.
 E = Time spent auto-exploring this place.
 F = Levels seen in this place.
 G = Mean time per level.
                   A        B        C        D        E       F      G
               +--------+--------+--------+--------+--------+-----+--------+
         Total |   2591 |   2530 |     61 |    597 |   1633 |   3 |  863.7 |
       Dungeon |   2591 |   2530 |     61 |    597 |   1633 |   3 |  863.7 |
               +--------+--------+--------+--------+--------+-----+--------+

Top non-repeatable levels by time:
     D:1: 1067 daAuts
     D:2: 1023 daAuts
     D:3: 500 daAuts
